 Dungeon Crawl Stone Soup version 0.31.0-1-g2c135a008e (webtiles) character file.

Game seed: 14467577879084336941

170 qw the Shooter (level 5, -6/40 HPs)
             Began as a Djinni Hunter on Jan 23, 2024.
             Killed from afar by Ijyb (19 damage)
             ... with a bolt of light
             ... on level 3 of the Dungeon.
             The game lasted 00:00:05 (1543 turns).

qw the Shooter (Djinni Hunter)                      Turns: 1543, Time: 00:00:06

Health: -6/40      AC:  4    Str: 10    XL:     5   Next: 80%
Gold:   62         EV: 13    Int: 11    God:
                   SH:  0    Dex: 18

rFire   + + .        a - +0 shortbow
rCold   x . .        (shield currently unavailable)
rNeg    . . .        c - +0 leather armour
rPois   inf          (helmet restricted)
rElec   .            (no cloak)
rCorr   .            f - +0 pair of gloves
SInv    +            (boots unavailable)
Will    .....        (no amulet)
Stlth   ++           (no ring)
HPRegen 0.26/turn    (no ring)
MPRegen 0.00/turn

%: infuse magic (-7 HP)
@: flying
A: sickness immunity, fire resistance 2, cold vulnerability 1, float, innate
caster, HP casting, extra vitality 1, horns 1, see invisible
a: no special abilities


You were on level 3 of the Dungeon.
You visited 1 branch of the dungeon, and saw 3 of its levels.

You collected 62 gold pieces.


Innate Abilities, Weirdness & Mutations

You are immune to sickness and miasma.
You are immune to poison.
Your flesh is very heat resistant. (rF++)
You are vulnerable to cold. (rC-)
You float through the air rather than walking.
You learn spells naturally, not from books.
Your magical power is your life essence.
You have superior vitality. (+4 MHP)
You have a pair of small horns on your head.
You have supernaturally acute eyesight. (SInv)


   Skills:
 - Level 3.0 Fighting
 + Level 4.7 Ranged Weapons
 - Level 3.2 Dodging
 - Level 0.7 Stealth


You knew the following spells:

 Your Spells              Type           Power      Damage    Failure   Level
a - Summon Small Mammal   Summ           0%         N/A       43%         1
b - Searing Ray           Conj           0%         2d4       58%         2
Your spell library was empty.

Inventory:

Hand Weapons
 a - a +0 shortbow (weapon)
Armour
 c - a +0 leather armour (worn)
 f - a +0 pair of gloves (worn)
Potions
 g - a potion of lignification {unknown}

Dungeon Overview and Level Annotations

Branches:
Dungeon (3/15)

Altars:
Uskayaw

Shops:
D:2 (

Annotations:
D:3 Ijyb


Message History

The phantom is almost destroyed.
The phantom hits you but does no damage.
You shoot an arrow. The arrow hits the phantom!
You destroy the phantom!
You start resting.
HP restored.
Found a stone staircase leading up.
Found a stone staircase leading down.
Ijyb the Twisted Goblin comes into view.
She is wielding a +2 dagger of venom and carrying a wand of light.
You shoot an arrow. The arrow hits Ijyb but does no damage.
Ijyb shouts!
You shoot an arrow. The arrow closely misses Ijyb.
You shoot an arrow. The arrow completely misses Ijyb.
Ijyb hits you with a +2 dagger of venom.
You shoot an arrow. The arrow barely misses Ijyb.
Ijyb closely misses you.
You shoot an arrow. The arrow closely misses Ijyb.
Ijyb misses you.
You shoot an arrow. The arrow hits Ijyb but does no damage.
Ijyb zaps a wand.
The bolt of light hits you!
Ijyb hits you with a +2 dagger of venom.
You shoot an arrow. The arrow hits Ijyb but does no damage.
Ijyb closely misses you.
You shoot an arrow. The arrow hits Ijyb.
Ijyb is lightly wounded.
Ijyb hits you but does no damage.
You shoot an arrow. The arrow closely misses Ijyb.
Ijyb hits you with a +2 dagger of venom.
You shoot an arrow. The arrow hits Ijyb but does no damage.
Ijyb is lightly wounded.
Ijyb closely misses you.
You shoot an arrow. The arrow closely misses Ijyb.
Ijyb hits you with a +2 dagger of venom.
Ijyb zaps a wand.
The bolt of light misses you.
You shoot an arrow. The arrow hits Ijyb.
Ijyb is lightly wounded.
Ijyb misses you.
You shoot an arrow. The arrow barely misses Ijyb.
Ijyb zaps a wand.
The bolt of light hits you!!
You die...

## ###########.#
#.........@.#
###.#########g#
#...# .#
#####.###########.#
................#.#
#####.#########.#.#
...##...........#.#
...##..#######..#.#
#####..#.....#..#


You could see Ijyb.

Vanquished Creatures
  A phantom (D:3)
  Natasha (D:2)
  3 adders
  3 dart slugs
  A ribbon worm (D:2)
  2 endoplasms
  3 giant cockroaches (D:1)
  3 goblins (D:2)
  A hobgoblin (D:1)
  3 kobolds
  3 quokkas (D:2)
  8 ball pythons
  6 bats
  2 frilled lizards
  4 rats
44 creatures vanquished.

Notes
Turn   | Place    | Note
-------+----------+-------------------------------------------
     0 | D:1      | qw the Djinni Hunter began the quest for the Orb.
     0 | D:1      | Reached XP level 1. HP: 18/18 MP: 0/0
     0 | D:1      | 0 ||| qw: Version: 0.3-a-136-gdd3b4e8
     0 | D:1      | 0 ||| qw: Game counter: 1140
     0 | D:1      | 0 ||| qw: Melee chars always use a shield: true
     0 | D:1      | 0 ||| qw: God list: Okawaru
     0 | D:1      | 0 ||| qw: Allow faded altars: false
     0 | D:1      | 0 ||| qw: Do Orc after clearing Dungeon:15 true
     0 | D:1      | 0 ||| qw: Do second Lair branch before Depths: true
     0 | D:1      | 0 ||| qw: Lair rune preference: random
     0 | D:1      | 0 ||| qw: Goals: Normal
     0 | D:1      | 0 ||| PLANNING D:1-11
   157 | D:1      | Reached XP level 2. HP: 23/23 MP: 0/0
   490 | D:1      | 490 ||| READING scroll labelled BOMPOO MUNTEO.
   490 | D:1      | 490 ||| IDENTIFYING viscous pink potion
   491 | D:1      | 491 ||| READING scroll labelled SEVILABULU.
   494 | D:1      | 494 ||| DROPPING scroll of butterflies.
   495 | D:1      | 495 ||| DROPPING potion of magic.
   523 | D:2      | Reached skill level 4 in Ranged Weapons
   523 | D:2      | Reached XP level 3. HP: 28/28 MP: 0/0
   523 | D:2      | Learned a level 1 spell: Summon Small Mammal
   550 | D:2      | Found Koyn's Weapon Boutique.
   800 | D:2      | Reached XP level 4. HP: 34/34 MP: 0/0
   839 | D:2      | Reached skill level 3 in Fighting
  1117 | D:2      | Found a hide-covered altar of Uskayaw.
  1143 | D:2      | Noticed Natasha
  1150 | D:2      | Killed Natasha
  1151 | D:2      | Reached skill level 3 in Dodging
  1276 | D:2      | 1276 ||| UPGRADING to +0 pair of gloves.
  1281 | D:2      | 1281 ||| READING 2 scrolls of identify.
  1281 | D:2      | 1281 ||| IDENTIFYING sedimented coppery potion
  1282 | D:2      | 1282 ||| READING scroll of identify.
  1282 | D:2      | 1282 ||| IDENTIFYING blue potion
  1283 | D:2      | 1283 ||| DRINKING potion of mutation.
  1283 | D:2      | Gained mutation: You have supernaturally acute eyesight.
                  | (SInv) [potion of mutation]
  1283 | D:2      | Gained mutation: You have a pair of small horns on your
                  | head. [potion of mutation]
  1284 | D:2      | 1284 ||| READING scroll labelled ROT DAMYNOMENN.
  1285 | D:2      | 1285 ||| READING scroll labelled POCWEN DAIRPH.
  1335 | D:3      | Reached XP level 5. HP: 40/40 MP: 0/0
  1335 | D:3      | Learned a level 2 spell: Searing Ray
  1339 | D:3      | Noticed a phantom
  1353 | D:3      | HP: 10/40 [phantom (6)]
  1354 | D:3      | 1354 ||| DRINKING potion of heal wounds.
  1359 | D:3      | HP: 8/40 [phantom (6)]
  1362 | D:3      | Killed a phantom
  1530 | D:3      | Noticed Ijyb
  1543 | D:3      | Killed from afar by Ijyb

Levels and vault maps discovered:
D:1:      eino_arrival_druids_welcome, layout_rooms, serial_bayou_pond_b,
          serial_bayou_lake_a
D:2:      layout_loops_ring, serial_shops, shop, basic_altar,
          chequers_big_river, uniq_natasha
D:3:      cheibrodos_pilgrimage, layout_basic, mainiacjoe_overflow_boulevard,
          gammafunk_temple_overflow_statue, nicolae_overflow_crystal_walls,
          mainiacjoe_overflow_two_lobes, hellmonk_ecumenical_altar_crossroads,
          item_on_display_a, uniq_ijyb

Skill      XL: |  1  2  3  4 |
---------------+-------------+-----
Ranged Weapons | 4 |  4.7
Fighting       | 3 |  3.0
Dodging        | 3 |  3.2
Stealth        | |  0.7

Action                     |  1- 3 |  4- 6 || total
---------------------------+-------+-------++-------
   Fire: Shortbow          |    64 |    76 ||   140
    Use: Scroll            |     2 |     4 ||     6
         Potion            |       |     2 ||     2
 Armour: Leather armour    |     9 |    45 ||    54
  Dodge: Dodged            |     6 |    34 ||    40

Table legend:
 A = Non-vault XP
 B = Vault XP
 C = Vault XP percentage of total XP
 D = Non-vault monster count
 E = Vault monster count
 F = Vault count percentage of total count
                 A         B        C        D         E       F
            +---------+---------+-------+---------+---------+-------
      Total |     201 |      42 |  17.3 |      39 |       5 |  11.4
            +---------+---------+-------+---------+---------+-------
        D:1 |      17 |       9 |  34.6 |      12 |       4 |  25.0
        D:2 |      70 |      33 |  32.0 |      25 |       1 |   3.8
        D:3 |     114 |       0 |   0.0 |       2 |       0 |   0.0
            +---------+---------+-------+---------+---------+-------
